 Dungeon Crawl Stone Soup version 0.28.0-45-g0d030f2227 (webtiles) character file.

Game seed: 2031024138518029366

95 seaoflcl the Covered (level 4, 0/57 HPs)
             Began as a Demigod Fighter on Apr 24, 2022.
             Succumbed to Crazy Yiuf's poison
             ... on level 2 of the Dungeon.
             The game lasted 00:02:14 (3181 turns).

seaoflcl the Covered (Demigod Fighter)              Turns: 3181, Time: 00:02:14

Health: 0/57       AC: 22    Str: 21    XL:     4   Next: 17%
Magic:  5/6        EV:  2    Int: 10    God:
Gold:   93         SH:  4    Dex: 13    Spells: 3/3 levels left

rFire   . . .      SeeInvis .   a - +0 long sword
rCold   . . .      Faith    .   c - +0 buckler
rNeg    . . .      Spirit   .   (armour currently unavailable)
rPois   +          Reflect  .   (helmet currently unavailable)
rElec   .          Harm     .   (cloak currently unavailable)
rCorr   +          Rampage  .   (gloves currently unavailable)
Will    .....      NoTele   +   (boots currently unavailable)
Stlth   +.........              m - amulet of the acrobat
HPRegen 0.19/turn               o - ring of resist corrosion
MPRegen 0.10/turn               (no ring)

@: lethally poisoned (0 -> -19), tree-form
A: stationary, stasis, torment immunity, boosted hp, high MP 1, forlorn, divine
attributes
a: no special abilities


You were on level 2 of the Dungeon.
You were a tree.
You visited 1 branch of the dungeon, and saw 2 of its levels.

You collected 93 gold pieces.

Inventory:

Hand Weapons
 a - a +0 long sword (weapon)
Missiles
 b - 2 throwing nets (quivered)
 j - 16 sling bullets
Armour
 c - a +0 buckler (worn)
 k - a +1 cloak (melded)
 l - a +0 pair of boots (melded)
 q - a +0 chain mail (melded)
Jewellery
 m - an amulet of the acrobat (around neck)
 o - a ring of resist corrosion (left branch)
Scrolls
 e - 2 scrolls of fear {unknown}
 g - 2 scrolls of teleportation {unknown}
 i - a scroll of vulnerability {unknown}
 n - 3 scrolls of identify {unknown}
Potions
 d - a potion of lignification
 f - a potion of degeneration {unknown}
 h - a potion of curing {unknown}
 p - a potion of ambrosia {unknown}


   Skills:
 + Level 3.3 Fighting
 + Level 2.4 Long Blades
 + Level 3.4 Armour
 + Level 0.6 Dodging
 + Level 0.2 Stealth
 + Level 3.1 Shields


You had 3 spell levels left.
You didn't know any spells.
Your spell library contained the following spells:

 Spells                   Type           Power      Damage    Failure   Level
 Magic Dart               Conj           0%         1d3       45%         1
 Call Imp                 Summ           0%         N/A       58%         2
 Mephitic Cloud           Conj/Pois/Air  0%         N/A       83%         3


Dungeon Overview and Level Annotations

Branches:
Dungeon (2/15)

Annotations:
D:2 Crazy Yiuf


Innate Abilities, Weirdness & Mutations

You are a tree.
Your roots penetrate the ground, keeping you stationary.
You cannot be teleported.
You are immune to unholy pain and torment.
Your maximum health is greatly increased.
Your equipment is partially melded.
You have an increased reservoir of magic. (+10% MP)
You shall have no god before yourself.
Your divine heritage dramatically boosts your attributes as you level up.


Message History

You hit Crazy Yiuf.
Crazy Yiuf is moderately wounded.
Crazy Yiuf screams, "Paint poople shoe!"
Crazy Yiuf hits you with a +4 quarterstaff of chaos!
You feel your power leaking away.
You hit Crazy Yiuf.
Crazy Yiuf is moderately wounded.
Crazy Yiuf cries, "Scoff!
Citrus foot arm."
You block Crazy Yiuf's attack.
You hit Crazy Yiuf but do no damage.
Crazy Yiuf is moderately wounded.
Crazy Yiuf says, "Crazy?
Crazy!?
PORCUPINE!"
Crazy Yiuf hits you but does no damage.
You hit Crazy Yiuf but do no damage.
Crazy Yiuf is moderately wounded.
Crazy Yiuf hits you with a +4 quarterstaff of chaos.
You are poisoned.
You block Crazy Yiuf's attack.
You closely miss Crazy Yiuf.
Crazy Yiuf is moderately wounded.
You feel very sick. Crazy Yiuf barely misses you.
You slash Crazy Yiuf!
Crazy Yiuf is almost dead.
You feel sick.
Crazy Yiuf screams, "Buddy down water!"
Crazy Yiuf hits you with a +4 quarterstaff of chaos!
* * * LOW HITPOINT WARNING * * *
You are lethally poisoned!
You closely miss Crazy Yiuf.
Crazy Yiuf is almost dead.
* * * LOW HITPOINT WARNING * * *
You feel extremely sick. Crazy Yiuf barely misses you.
It was a potion of lignification.
You turn into a tree.
Your +1 cloak melds into your body.
Your +0 pair of boots melds into your body.
Your +0 chain mail melds into your body.
Your roots penetrate the ground.
You die...

##.#.#########....###.##...###..
##.## #....# #.##.##.#... #.#
#....# #.##.###.### #.# ##..)#
#.##.# #.# #.####### ##)##
#.##.# #.# #.##....# ##)#
#.##.###.### #.##.#### #)##
#.##.##..... #.##.#### ##)#
#.##.#.#.### #.##...(# #♣##
#.##........ #.##.#### #g#
#.).....)### #.##.# )))
#.......#### #....# #)))#
#........... ####.# #).)#
####.####### #.# ##### #........
#.# ######### #.##### #.....#


You could see Crazy Yiuf.

Vanquished Creatures
  Jessica (D:2)
  An adder (D:2)
  4 gnolls (D:2)
  A dart slug (D:1)
  4 endoplasms
  3 goblins
  A hobgoblin (D:2)
  2 quokkas
  A bat (D:1)
  3 frilled lizards
  2 rats
23 creatures vanquished.

Notes
Turn   | Place    | Note
-------+----------+-------------------------------------------
     0 | D:1      | seaoflcl the Demigod Fighter began the quest for the Orb.
     0 | D:1      | Reached XP level 1. HP: 18/18 MP: 3/3
   532 | D:1      | Reached XP level 2. HP: 21/25 MP: 4/4
  1163 | D:2      | Found a runed translucent door.
  1164 | D:2      | Noticed Crazy Yiuf
  1490 | D:2      | Reached XP level 3. HP: 19/31 MP: 5/5
  2416 | D:2      | Noticed Jessica
  2430 | D:2      | HP: 1/31 [Jessica/+0 club (5)]
  2431 | D:2      | Killed Jessica
  2432 | D:2      | Reached XP level 4. HP: 2/38 MP: 6/6
  3181 | D:2      | Succumbed to Crazy Yiuf's poison

Illustrated notes

Levels and vault maps discovered:
D:1:      minmay_arrival_wavy_path, layout_loops_ring,
          ebering_ecumenical_altar_abandoned, minmay_pentomino_u2
D:2:      layout_loops_ring, kennysheep_jessica_study, uniq_crazy_yiuf_cottage

Skill      XL: |  1  2 |
---------------+-------+-----
Long Blades    | 2 |  2.4
Fighting       | 3 |  3.3
Armour         | 3 |  3.4
Shields        | 3 |  3.1
Dodging        | |  0.6
Stealth        | |  0.2

Action                   |  1- 3 |  4- 6 || total
-------------------------+-------+-------++-------
Melee: Long sword        |    58 |    13 ||    71
  Use: Potion            |     2 |     1 ||     3
Armor: Scale mail        |    12 |       ||    12
       Chain mail        |    11 |     2 ||    13
Dodge: Dodged            |    30 |     5 ||    35
Block: Buckler           |    13 |     3 ||    16
